 Dungeon Crawl Stone Soup version 0.18.1-50-g88ac8fd (webtiles) character file.

1036 cassielle the Covered (level 8, -1/70 HPs)
             Began as a Minotaur Fighter on Feb 13, 2017.
             Slain by an orc warrior
             ... wielding a +0 hand axe
              (9 damage)
             ... on level 6 of the Dungeon on Feb 14, 2017.
             The game lasted 00:34:17 (5566 turns).

cassielle the Covered (Minotaur Fighter)            Turns: 5566, Time: 00:34:17

Health: -1/70      AC: 21    Str: 22    XL:     8   Next: 3%
Magic:  7/7        EV:  6    Int:  5    God:
Gold:   244        SH: 10    Dex: 11    Spells: 0 memorised, 7 levels left

rFire  + . .     SeeInvis .     a - +0 trident
rCold  x . .     Gourm    .     o - +0 plate armour
rNeg   . . .     Faith    .     c - +0 shield
rPois  .         Spirit   .     (helmet restricted)
rElec  .         Dismiss  .     u - +0 cloak
rCorr  .         Reflect  .     x - +0 pair of gloves
SustAt .         Harm     .     (no boots)
MR     .....                    (no amulet)
Stlth  ..........               n - ring of fire
                                e - +6 ring of protection

@: not resistant to hostile enchantments, extremely unstealthy
A: retaliatory headbutt, horns 2
a: no special abilities


You were on level 6 of the Dungeon.
You were very hungry.

You visited 1 branch of the dungeon, and saw 6 of its levels.

You collected 244 gold pieces.

Inventory:

Hand Weapons
 a - a +0 trident (weapon)
 b - a +0 glaive
 s - a +0 spear
 C - a +0 flail of venom
Armour
 c - a +0 shield (worn)
 o - a +0 plate armour (worn)
 u - a +0 cloak (worn)
 x - a +0 pair of gloves (worn)
 D - a +1 ring mail of fire resistance
 E - the +2 ring mail of Panentheism {rCorr Stlth+}
   (You found it on level 5 of the Dungeon)

   It protects you from acid and corrosion.
   It makes you more stealthy.
Jewellery
 e - a +6 ring of protection (left hand)
 l - an uncursed ring of poison resistance {unknown}
 n - a ring of fire (right hand)
Wands
 y - a wand of flame (39/48)
Scrolls
 h - 5 scrolls of remove curse {unknown}
 j - 6 scrolls of identify {unknown}
 k - 3 scrolls of teleportation {unknown}
 p - 3 scrolls of random uselessness {unknown}
 r - 2 scrolls of enchant armour {unknown}
 G - a scroll of fear {unknown}
Potions
 d - 2 potions of might
 t - 2 potions of curing {unknown}
 v - a potion of ambrosia {unknown}
 w - a potion of cure mutation {unknown}
 z - a potion of lignification {unknown}
 B - a potion of haste {unknown}
 F - 2 potions of flight {unknown}
 I - 2 potions of agility {unknown}
Comestibles
 f - 2 bread rations
 g - 2 fruits
 i - 2 slices of pizza
 A - 2 meat rations
 H - a royal jelly


   Skills:
 + Level 6.0 Fighting
 + Level 5.4 Polearms
 + Level 6.8 Armour
 + Level 2.9 Dodging
 + Level 0.1 Stealth
 + Level 6.6 Shields


You had 7 spell levels left.
You didn't know any spells.

Dungeon Overview and Level Annotations

Branches:
Dungeon (6/15)
 Temple: D:4-7

Altars:
Dithmenos
Pakellas
Ru
Yredelemnul
Zin


Innate Abilities, Weirdness & Mutations

You reflexively headbutt those who attack you in melee.
You have a pair of horns on your head.


Message History

The orc priest mumbles some strange prayers to Beogh against you.
Beogh smites you!
* * * LOW HITPOINT WARNING * * *
The orc warrior hits you but does no damage.
You hit the orc warrior but do no damage.
You headbutt the orc warrior!
The orc warrior is heavily wounded.
The orc wizard hits you but does no damage.
The orc wizard casts a spell at you. The puff of frost hits you!
You block the orc wizard's attack. The orc wizard barely misses you.
The orc warrior completely misses you.
You hit the orc warrior but do no damage.
Your headbutt misses the orc warrior.
The orc warrior is heavily wounded.
You block the orc wizard's attack.
The orc wizard hits you but does no damage.
You block the orc wizard's attack.
The orc wizard hits you but does no damage.
The orc warrior hits you with a hand axe!
You die...

..........!?..#
........()....#
.............[#
........(.....#
........((...(#
###..........##..#
#.........oo#..#
###########o#..#
#o@o..#
#######.#...#
#.......#...#
######.....##....#
#...........<<...#
#..........#.....###
#..........#.......#
#..........#.......#
#.........###......#


You could see an orc warrior, an orc priest, 2 orc wizards and an orc.

Vanquished Creatures
  Sigmund (D:4)
  Edmund (D:5)
  An ogre (D:5)
  A phantom (D:5)
  2 centaurs (D:6)
  A hound (D:6)
  A jelly (D:5)
  A giant frog skeleton (D:4)
  Jessica (D:3)
  An iguana (D:4)
  3 worker ants (D:5)
  An orc wizard (D:5)
  A howler monkey zombie (D:5)
  A gnoll (D:1)
  7 adders
  3 shadow imps
  An ooze (D:1)
  2 worms
  A dart slug (D:1)
  2 giant geckos
  8 orcs
  5 bats (D:2)
  7 giant cockroaches
  14 goblins
  5 hobgoblins
  4 jackals (D:5)
  5 quokkas
  A ball python (D:2)
  A giant gecko skeleton (D:4)
  4 giant newts
  4 kobolds
  A quokka skeleton (D:3)
  6 rats
  A plant (D:1)
99 creatures vanquished.

Notes
Turn   | Place    | Note
--------------------------------------------------------------
     0 | D:1      | cassielle the Minotaur Fighter began the quest for the Orb.
     0 | D:1      | Reached XP level 1. HP: 19/19 MP: 0/0
   160 | D:1      | Reached XP level 2. HP: 14/27 MP: 1/1
   606 | D:1      | Reached skill level 1 in Dodging
   606 | D:1      | Reached XP level 3. HP: 16/33 MP: 2/2
  1331 | D:2      | You fall through a shaft for 2 floors!
  1361 | D:3      | Reached XP level 4. HP: 36/40 MP: 3/3
  1573 | D:3      | Found an oddly glowing altar of Pakellas.
  1766 | D:2      | Found a shadowy altar of Dithmenos.
  2855 | D:3      | Noticed Jessica
  2860 | D:3      | Killed Jessica
  2860 | D:3      | Reached XP level 5. HP: 47/47 MP: 4/4
  3050 | D:4      | Reached skill level 5 in Armour
  3364 | D:4      | Found a sacrificial altar of Ru.
  3613 | D:4      | Noticed Sigmund
  3623 | D:4      | Killed Sigmund
  3623 | D:4      | Reached skill level 5 in Fighting
  3623 | D:4      | Reached skill level 5 in Shields
  3623 | D:4      | Reached XP level 6. HP: 51/56 MP: 5/5
  3963 | D:4      | Found a glowing silver altar of Zin.
  3975 | D:4      | Found a basalt altar of Yredelemnul.
  4242 | D:5      | Entered Level 5 of the Dungeon
  4433 | D:5      | Noticed Edmund
  4446 | D:5      | Killed Edmund
  4446 | D:5      | Reached XP level 7. HP: 54/61 MP: 6/6
  4475 | D:5      | Got a smoking ring mail
  4591 | D:5      | Reached skill level 5 in Polearms
  5425 | D:5      | Identified the +2 ring mail of Panentheism {rCorr Stlth+} (You found it on level 5 of the Dungeon)
  5563 | D:6      | Reached XP level 8. HP: 34/70 MP: 7/7
  5566 | D:6      | Slain by an orc warrior

Skill      XL: |  1  2  3  4  5  6  7 |
---------------+----------------------+-----
Armour         | 4 5 6 |  6.8
Fighting       | 4 5 6 |  6.0
Dodging        | 1 2 |  2.9
Shields        | 4 5 6 |  6.6
Polearms       | 3 4 5 |  5.4
Stealth        | |  0.1

Action                   |  1- 3 |  4- 6 |  7- 9 || total
-------------------------+-------+-------+-------++-------
Melee: Trident           |   123 |   130 |   115 ||   368
       Headbutt          |    20 |    22 |    22 ||    64
  Eat: Bread ration      |       |     3 |       ||     3
       Fruit             |       |       |     1 ||     1
Armor: Scale mail        |    48 |     8 |       ||    56
       Plate armour      |       |    58 |    84 ||   142
Dodge: Dodged            |    24 |    26 |    20 ||    70
Block: Shield            |    70 |    67 |    70 ||   207
